 Dungeon Crawl Stone Soup version 0.18-a0-1024-gf1736fb (webtiles) character file.

46 vatarom the Sneak (level 3, -4/20 HPs)
             Began as a Vine Stalker Assassin on Jan 7, 2016.
             Slain by Terence
             ... wielding a +0 morningstar
              (7 damage)
             ... on level 2 of the Dungeon.
             The game lasted 00:03:18 (947 turns).

vatarom the Sneak (Vine Stalker Assassin)            Turns: 947, Time: 00:03:18

Health: -4/20      AC:  4    Str: 14      XL:     3   Next: 68%
Magic:  0/4        EV: 11    Int: 11      God:
Gold:   35         SH:  0    Dex: 13 (15) Spells: 0 memorised, 2 levels left

rFire  . . .     SeeInvis .     a - +2 dagger
rCold  . . .     Gourm    .     c - +0 robe
rNeg   . . .     Faith    .     (no shield)
rPois  .         Spirit   +     j - +1 hat
rElec  .         Dismiss  .     d - +0 cloak
rCorr  .         Reflect  .     (no gloves)
SustAt .         Harm     .     (no boots)
MR     .....                    (no amulet)
Stlth  +++.......               (no ring)
                                (no ring)

@: not resistant to hostile enchantments, fairly stealthy
A: fangs 2, regeneration 1, magic shield, antimagic bite, no device heal 3, rot
immunity
a: no special abilities


You were on level 2 of the Dungeon.
You were not hungry.

You visited 1 branch of the dungeon, and saw 2 of its levels.

You collected 35 gold pieces.

Inventory:

Hand Weapons
 a - a +2 dagger (weapon)
 b - a +0 blowgun
Missiles
 e - 20 poisoned needles
 f - 2 curare-tipped needles
 m - 5 poisoned tomahawks (quivered)
Armour
 c - a +0 robe (worn)
 d - a +0 cloak (worn)
 j - a +1 hat (worn)
Scrolls
 h - a scroll of teleportation
 i - 4 scrolls of identify
Comestibles
 g - 3 bread rations
 k - a fruit
 l - a meat ration


   Skills:
 + Level 3.5 Fighting
 - Level 1.7 Short Blades
 - Level 1.7 Throwing
 - Level 0.7 Dodging
 - Level 4.8 Stealth


You had 2 spell levels left.
You didn't know any spells.

Dungeon Overview and Level Annotations

Branches:
Dungeon (2/15)

Altars:

Annotations:
D:2 Jessica, Terence


Innate Abilities, Weirdness & Mutations

You have extremely sharp teeth.
Your natural rate of healing is unusually fast.
When hurt, damage is shared between your health and your magic reserves.
Your bite disrupts and absorbs the magic of your enemies.
Potions and wands cannot restore your health.
You are immune to rotting.


Message History

Firing (i - inventory. (,) - cycle):
e - 21 poisoned needles (quivered)
Press: ? - help, Shift-Dir - straight line, f/p - Terence
Aim: Terence, wielding a morningstar and wearing a chain mail (lightly wounded)
You shoot a poisoned needle. The poisoned needle hits Terence!
Terence is poisoned.
Terence is lightly wounded.
Terence barely misses you.
Found a stone staircase leading down.
Really attack while wielding your +0 blowgun? [Y]es or [N]o only, please.
Really attack while wielding your +0 blowgun?
Okay, then.
Wield which item (- for none, * to show all)? (? for menu, Esc to quit)
a - a +2 dagger (weapon); Terence hits you with a morningstar!
* * * LOW HITPOINT WARNING * * *
Unknown command.
You hit Terence but do no damage. You bite Terence, but do no damage.
Terence is almost dead.
Terence hits you with a morningstar!
You die...

#.#.# #.#.# . ..
#.##.#.# #.#.# ..
#.##.#.# #.#.# ..
#.##.#.# #.#.### .###
#.##.#.# ....... ..#
#.##.#.###....... ####.#
#.##.#...........
.....###.#..............
=.†...(..@.....@@......>
....#.####.....l.####...
..#.†...##########
..#.#.#.# ..#.#.#.#
.##.#.# # .##.#.#
.##.#.# .. .#.#


You could see Terence, Jessica and a giant newt.

Vanquished Creatures
  An adder (D:2)
  An ooze (D:1)
  A ball python (D:1)
  3 bats (D:1)
  3 giant cockroaches
  10 goblins (D:1)
  2 jackals (D:1)
  A giant newt (D:1)
  5 kobolds (D:1)
  4 rats
31 creatures vanquished.

Notes
Turn   | Place    | Note
--------------------------------------------------------------
     0 | D:1      | vatarom the Vine Stalker Assassin began the quest for the Orb.
     0 | D:1      | Reached XP level 1. HP: 11/11 MP: 2/2
   106 | D:1      | Reached XP level 2. HP: 13/16 MP: 3/3
   415 | D:1      | Reached XP level 3. HP: 17/20 MP: 4/4
   913 | D:2      | Noticed Terence
   923 | D:2      | Noticed Jessica
   947 | D:2      | Slain by Terence

Vault maps used:
D:1:      eino_arrival_cavern_b
D:2:      ecumenical_altar_1, minmay_cut_off, uniq_terence, uniq_jessica

Action                   || total
-------------------------++-------
Melee: Dagger            ||    83
 Fire: Blowgun           ||     2
Throw: Tomahawk          ||     1
  Use: Scroll            ||     2
       Potion            ||     5
 Stab: Sleeping          ||     8
